 Dungeon Crawl Stone Soup version 0.31-a0-986-g5e6e4ef867 (webtiles) character file.

Game seed: 15344085155110729993

959 Saladfork the Carver (level 8, 0/68 HPs)
             Began as a Meteoran Fighter on Oct 6, 2023.
             Succumbed to a kobold brigand's curare-tipped dart
             ... on level 7 of the Dungeon on Nov 7, 2023.
             The game lasted 00:22:43 (2874 turns).

Saladfork the Carver (Meteoran Fighter)             Turns: 2874, Time: 00:22:44

Health: 0/68       AC: 12    Str: 19    XL:     8   Next: 64%
Magic:  9/9        EV: 11    Int: 10    God:
Gold:   205        SH:  6    Dex: 18    Spells: 7/7 levels left

rFire   . . .        e - +3 war axe
rCold   + . .        c - +0 buckler
rNeg    . . .        p - +5 ring mail of Midsummer {rC+ Dex+4 SInv Stlth-}
rPois   .            (no helmet)
rElec   .            w - +0 cloak
rCorr   .            (no gloves)
SInv    +            (no boots)
Will    +....        (no amulet) Stlth
                     (no ring)
HPRegen 0.31/turn    (no ring)
MPRegen 0.11/turn

%: no passive effects
@: lethally poisoned (0 -> -22), weakened, slowed, glowing, very slow
A: sense surroundings 1, otherworldly, glowing, explore regen
a: no special abilities


You were on level 7 of the Dungeon.
You visited 1 branch of the dungeon, and saw 7 of its levels.

You collected 205 gold pieces.

Inventory:

Hand Weapons
 a - a +0 long sword
 d - a +0 giant spiked club
 e - a +3 war axe (weapon)
 r - a +4 dagger of draining
 x - a +5 dagger of freezing
Missiles
 j - 10 poisoned darts
Armour
 b - a +0 scale mail
 c - a +0 buckler (worn)
 p - the +5 ring mail of Midsummer (worn) {rC+ Dex+4 SInv Stlth-}
   (You found it on level 2 of the Dungeon)

   Dex+4:     It affects your dexterity (+4).
   rC+:       It protects you from cold.
   SInv:      It lets you see invisible.
   Stlth-:    It makes you less stealthy.
 s - a +0 chain mail
 w - a +0 cloak (worn)
Talismans
 o - a beast talisman
Wands
 y - a wand of paralysis (26)
Scrolls
 g - a scroll of immolation
 i - a scroll of vulnerability {unknown}
 k - a scroll of revelation {unknown}
 m - 2 scrolls of identify {unknown}
 n - a scroll of amnesia {unknown}
 t - a scroll of poison {unknown}
 u - a scroll of acquirement {unknown}
Potions
 f - 2 potions of enlightenment
 l - a potion of brilliance {unknown}
 q - 3 potions of degeneration {unknown}
 v - a potion of ambrosia {unknown}
 z - a potion of berserk rage {unknown}


   Skills:
 + Level 5.3 Fighting
 + Level 8.0 Long Blades
 + Level 4.6 Armour
 + Level 2.6 Dodging
 + Level 4.8 Shields


You had 7 spell levels left.
You didn't know any spells.
Your spell library contained the following spells:

 Spells                   Type           Power      Damage    Failure   Level
 Apportation              Tloc           0%         N/A       61%         1
 Necrotise                Necr           0%         1d4       61%         1
 Summon Small Mammal      Summ           0%         N/A       61%         1


Dungeon Overview and Level Annotations

Branches:
Dungeon (7/15) Zot: 1274
 Temple: D:4-7

Altars:
Qazlal
Sif Muna
Vehumet
Wu Jian


Innate Abilities, Weirdness & Mutations

You passively map a small area around you.
You are easily found by Zot.
You glow in the dark.
You regain HP and MP as you explore.


Message History

The wight is severely damaged.
The gnoll hits you but does no damage. The wight barely misses you.
You slash the wight!
You destroy the wight!
The gnoll hits you but does no damage.
The kobold brigand throws a curare-tipped dart.
The curare-tipped dart hits you.
You are poisoned.
You have difficulty breathing.
You feel yourself slow down.
Your Long Blades skill increases to level 8!
You feel a little less mighty now.
You feel very sick. You block the gnoll's attack.
The gnoll bouda gazes fiercely through you!
You feel your attacks grow feeble.
The kobold brigand hits you but does no damage.
Items here: ( )) [ †.
Okay, then.
e - a +3 war axe (weapon)
You feel sick.
The kobold brigand hits you but does no damage.
You feel sick. The gnoll barely misses you.
The gnoll bouda barks out a call to the hunt!
The gnoll picks up the pace!
The kobold brigand throws a curare-tipped dart.
The curare-tipped dart hits you.
You are more poisoned.
You have difficulty breathing.
* * * LOW HITPOINT WARNING * * *
You feel as though you will be slow longer.
The kobold brigand throws a curare-tipped dart.
The curare-tipped dart hits you.
You are lethally poisoned!
You have difficulty breathing.
* * * LOW HITPOINT WARNING * * *
You feel as though you will be slow longer.
As you read the scroll labelled BYZOCUROEGH, it crumbles to dust.
The creatures around you are filled with an inner flame!
It was a scroll of immolation.
You die...

..........................#
............#..............#
............##.#......#...##
...........#####.....##..##
..............##....######
.........).).)gz#####
..............#gK#
################[# # #@# #
#..# # * *##.# # , .# # ,
*** , .# # , ,, ## # * **


You could see a kobold brigand (inner flame), a gnoll bouda (inner flame), a
wight (inner flame) and a gnoll (inner flame, swift).

Vanquished Creatures
  A water moccasin (D:5)
  An ice beast (D:6)
  A black bear (D:4)
  A sky beast (D:7)
  An ogre (D:5)
  A scorpion (D:6)
  2 wights (D:7)
  2 howler monkeys (D:7)
  A sleepcap (D:5)
  Ijyb (D:4)
  2 iguanas (D:5)
  5 adders
  A gnoll (D:7)
  2 ufetubi
  A worm (D:4)
  A dart slug (D:4)
  4 orcs
  3 ball pythons
  5 endoplasms
  3 giant cockroaches
  8 goblins
  5 hobgoblins
  4 jackals
  A quokka (D:1)
  10 bats
  2 frilled lizards
  10 kobolds
  6 rats
85 creatures vanquished.

Notes
Turn   | Place    | Note
-------+----------+-------------------------------------------
     0 | D:1      | Saladfork the Meteoran Fighter began the quest for the Orb.
     0 | D:1      | Reached XP level 1. HP: 19/19 MP: 2/2
   215 | D:1      | Reached XP level 2. HP: 24/26 MP: 3/3
   489 | D:2      | Reached skill level 3 in Long Blades
   489 | D:2      | Reached XP level 3. HP: 24/31 MP: 4/4
   686 | D:2      | Found a radiant altar of Vehumet.
   804 | D:2      | Reached XP level 4. HP: 39/39 MP: 5/5
   967 | D:2      | Identified the +5 ring mail of Midsummer {rC+ Dex+4 SInv
                  | Stlth-}
  1070 | D:2      | Glimpsed the power of Zot.
  1339 | D:3      | Reached skill level 4 in Long Blades
  1658 | D:3      | Glimpsed the power of Zot.
  1789 | D:4      | Found a stormy altar of Qazlal.
  1819 | D:4      | Reached XP level 5. HP: 46/46 MP: 6/6
  1896 | D:4      | Noticed a black bear
  1902 | D:4      | Killed a black bear
  1903 | D:4      | Reached skill level 5 in Long Blades
  1903 | D:4      | Reached skill level 1 in Dodging
  1903 | D:4      | Reached XP level 6. HP: 52/52 MP: 7/7
  2056 | D:4      | Noticed Ijyb
  2060 | D:4      | Paralysed by Ijyb for 5 turns
  2074 | D:4      | Killed Ijyb
  2231 | D:5      | Entered Level 5 of the Dungeon
  2356 | D:5      | Found a shimmering blue altar of Sif Muna.
  2425 | D:5      | Reached skill level 6 in Long Blades
  2455 | D:5      | Noticed an ogre
  2468 | D:5      | Killed an ogre
  2469 | D:5      | Reached XP level 7. HP: 59/60 MP: 8/8
  2474 | D:5      | Upgraded the game from 0.31-a0-851-g7ff8af7976 to
                  | 0.31-a0-986-g5e6e4ef867
  2582 | D:5      | Noticed a water moccasin
  2651 | D:5      | Killed a water moccasin
  2674 | D:6      | Reached skill level 7 in Long Blades
  2714 | D:6      | Found an ornate altar of the Wu Jian Council.
  2746 | D:6      | Reached skill level 5 in Fighting
  2746 | D:6      | Reached XP level 8. HP: 42/68 MP: 9/9
  2871 | D:7      | Reached skill level 8 in Long Blades
  2874 | D:7      | Succumbed to a kobold brigand's curare-tipped dart

Illustrated notes

Levels and vault maps discovered:
D:1:      wander_arrival_desolate, layout_loops_ring, serial_bayou_pond_b,
          hangedman_decor_clover_reticule
D:2:      layout_basic, basic_altar
D:3:      layout_basic, serial_corexii_hall, chequers_hall_statues_corner_a,
          corexii_hall_statues_l, corexii_hall_statues_s,
          corexii_hall_statues_deadend, serial_park_tiny_1,
          corexii_hall_statues_deadend
D:4:      layout_loops_cross, nicolae_qazlal_scattered_showers,
          hangedman_decor_growths, uniq_ijyb
D:5:      dreamdust_elfheim, layout_basic, general_overflow_altar,
          chequers_serial_rivers_small_a, grunt_ministairs_11,
          supply_closet_lemuel, roderic_batcave
D:6:      layout_cave_pools, old_standard_altar, minmay_temple_entry_overgrown
D:7:      minmay_slanted_spiral_squares, layout_cave_pools,
          nicolae_overflow_hidden_temple, serial_shops, shop, minmay_microvault,
          uniq_crazy_yiuf_cottage, uniq_duvessa

Skill      XL: |  1  2  3  4  5  6  7  8 |
---------------+-------------------------+-----
Long Blades    | 3 4 5 6 7 8 |  8.0
Fighting       | 4 5 |  5.3
Dodging        | 1 2 |  2.6
Shields        | 4 |  4.8
Armour         | 4 |  4.6

Action                     |  1- 3 |  4- 6 |  7- 9 || total
---------------------------+-------+-------+-------++-------
  Melee: Long sword        |    72 |   165 |   108 ||   345
    Use: Potion            |       |     3 |     4 ||     7
         Scroll            |       |       |     1 ||     1
 Armour: Scale mail        |    51 |       |       ||    51
         Ring mail         |       |   128 |    87 ||   215
  Dodge: Dodged            |    25 |    96 |    70 ||   191
  Block: Buckler           |    15 |    50 |    44 ||   109

Table legend: (Time is in decaauts)
 A = Elapsed time spent in this place.
 B = Non-inter-level travel time spent in this place.
 C = Inter-level travel time spent in this place.
 D = Time resting spent in this place.
 E = Time spent auto-exploring this place.
 F = Levels seen in this place.
 G = Mean time per level.
                   A        B        C        D        E       F      G
               +--------+--------+--------+--------+--------+-----+--------+
         Total |   2925 |   2893 |     32 |      0 |    896 |   7 |  417.9 |
       Dungeon |   2925 |   2893 |     32 |      0 |    896 |   7 |  417.9 |
               +--------+--------+--------+--------+--------+-----+--------+

Top non-repeatable levels by time:
     D:3: 656 daAuts
     D:2: 599 daAuts
     D:4: 523 daAuts
     D:1: 503 daAuts
     D:5: 431 daAuts
     D:7: 121 daAuts
     D:6: 89 daAuts
